 Dungeon Crawl Stone Soup version 0.26.0-18-gc5c842f807 (webtiles) character file.

Game seed: 5243907736860174979

101 kaeus the Firebug (level 4, -3/24 HPs)
             Began as a Gargoyle Fire Elementalist on Jan 23, 2021.
             Slain by an orc
             ... wielding a +0 morningstar
              (6 damage)
             ... on level 2 of the Dungeon.
             The game lasted 00:01:44 (2802 turns).

kaeus the Firebug (Gargoyle Fire Elementalist)      Turns: 2802, Time: 00:01:45

Health: -3/24      AC:  6    Str: 11    XL:     4   Next: 75%
Magic:  7/8        EV: 12    Int: 17    God:
Gold:   98         SH:  0    Dex: 10    Spells: 7/8 levels left

rFire    . . .     SeeInvis .   i - +0 battleaxe
rCold    . . .     Faith    .   (shield currently unavailable)
rNeg     + . .     Spirit   .   a - +0 robe
rPois    ∞         Reflect  .   (no helmet)
rElec    +         Harm     .   e - +0 cloak
rCorr    .         Rampage  .   (no gloves)
Will     .....                  (no boots)
Stlth    ++........             j - amulet of magic regeneration
HPRegen  0.08/turn              (no ring)
MPRegen  0.36/turn              (no ring)

@: no status effects
A: negative energy resistance 1, electricity resistance, unbreathing,
petrification resistance, miasma immunity, AC +3
a: no special abilities


You were on level 2 of the Dungeon.
You visited 1 branch of the dungeon, and saw 3 of its levels.

You collected 98 gold pieces.

Inventory:

Hand Weapons
 i - a +0 battleaxe (weapon)
Armour
 a - a +0 robe (worn)
 e - a +0 cloak (worn)
Jewellery
 j - an amulet of magic regeneration (around neck)
Scrolls
 b - a scroll of magic mapping {unknown}
 c - a scroll of immolation {unknown}
 g - 4 scrolls of identify {unknown}
 k - a scroll of teleportation {unknown}
Potions
 d - a potion of attraction {unknown}
 f - a potion of cancellation {unknown}
 h - 2 potions of curing {unknown}


   Skills:
 - Level 1.5 Dodging
 - Level 2.1 Stealth
 + Level 2.7 Spellcasting
 + Level 2.4 Conjurations
 * Level 4.3 Fire Magic


You had 7 spell levels left.
You knew the following spells:

 Your Spells              Type           Power        Failure   Level
a - Foxfire               Conj/Fire      52%          4%          1

Your spell library contained the following spells:

 Spells                   Type           Power        Failure   Level
 Conjure Flame            Conj/Fire      13%          13%         3
 Inner Flame              Hex/Fire       9%           22%         3
 Sticky Flame             Conj/Fire      13%          41%         4
 Fireball                 Conj/Fire      6%           77%         5


Dungeon Overview and Level Annotations

Branches:
Dungeon (3/15)

Altars:
Ashenzari
Hepliaklqana
Nemelex Xobeh
Vehumet


Innate Abilities, Weirdness & Mutations

You are resistant to torment.
Your stone body is resilient. (AC +3)
You are immune to poison.
You resist negative energy. (rN+)
You are resistant to electric shocks. (rElec)
You can survive without breathing.
You are immune to petrification.
You are immune to miasma.


Message History

The orc hits you from afar with a +0 trident.
The orc hits you with a +0 mace. The orc misses you.
The orc hits you with a +0 mace.
You take 5 damage, and have 19/24 hp.
MASSIVE DAMAGE!!
The orc hits you with a +0 morningstar!
Ouch! That really hurt!
* * * LOW HITPOINT WARNING * * *
The orc closely misses you.
You climb upwards.
There is a stone staircase leading down here.
You take 12 damage, and have 7/24 hp.
MASSIVE DAMAGE!!
You closely miss the orc. You barely miss the orc.
The orc hits you but does no damage. The orc misses you.
The orc hits you with a +0 mace.
* * * LOW HITPOINT WARNING * * *
You take 4 damage, and have 3/24 hp.
Casting: Foxfire (safe; 4% risk of failure)
Confirm with . or Enter, or press ? or * to list all spells.
You conjure some foxfire!
The orc hits you with a +0 morningstar.
You die...

####..###.......[.##..###
#..##..#####..###.....# #########
................####..###........
................# #.........<.(.
................####..#..........
######...........................
######..........##....#..........
##.............v##.##.#......†...
##.####.........@oo##............
#..##...........#v.##..#......##'
......######.##.#......##.....#§§
...#### #.##...........##..#≈>
...# #.##....###..#.###.#≈. ...#
##....#..####.#..##.#≈≈
...########..........##.#.....###
........)......#.......(.........
..............##.....##(.###....^


You could see 2 orcs.

Vanquished Creatures
  3 adders (D:2)
  An ooze (D:2)
  A worm (D:2)
  2 dart slugs (D:1)
  4 bats
  5 giant cockroaches
  16 goblins
  4 hobgoblins
  4 jackals (D:2)
  12 frilled lizards
  4 kobolds
  7 rats
63 creatures vanquished.

Vanquished Creatures (others)
  197 foxfires
197 creatures vanquished.

Grand Total: 260 creatures vanquished

Notes
Turn   | Place    | Note
-------+----------+-------------------------------------------
     0 | D:1      | kaeus the Gargoyle Fire Elementalist began the quest for
                  | the Orb.
     0 | D:1      | Reached XP level 1. HP: 10/10 MP: 3/3
   210 | D:1      | Reached XP level 2. HP: 10/15 MP: 0/5
   962 | D:1      | Reached XP level 3. HP: 19/19 MP: 6/6
  1466 | D:2      | Found a radiant altar of Vehumet.
  1808 | D:2      | Reached skill level 4 in Fire Magic
  1817 | D:2      | Reached XP level 4. HP: 17/24 MP: 5/7
  2260 | D:2      | Found a hazy altar of Hepliaklqana.
  2357 | D:2      | Found a broken altar of Ashenzari.
  2749 | D:2      | Found a faded altar of an unknown god.
  2795 | D:3      | Found a sparkling altar of Nemelex Xobeh.
  2802 | D:2      | Slain by an orc

Illustrated notes

Levels and vault maps discovered:
D:1:      mainiacjoe_arrival_reflecting_pool, layout_basic, minmay_lizard_pond
D:2:      layout_rooms, old_standard_altar, ashenzari_altar_1,
          general_overflow_altar, chequers_ecumenical_altar_simple_redux,
          minivault_5
D:3:      layout_basic, nemelex_xobeh_ov_fountains_minmay, elyvilon_altar_3,
          supply_closet_lemuel, fedhas_altar_2, uniq_grinder

Skill      XL: |  1  2  3 |
---------------+----------+-----
Conjurations   | 2 |  2.4
Fire Magic     | 4 |  4.3
Dodging        | |  1.5
Stealth        | |  2.1
Spellcasting   | |  2.7

Action                   |  1- 3 |  4- 6 || total
-------------------------+-------+-------++-------
Melee: Unarmed           |     2 |       ||     2
       Short sword       |    16 |       ||    16
       Battleaxe         |    12 |    18 ||    30
 Cast: Foxfire           |    90 |    46 ||   136
Armor: Robe              |     9 |     6 ||    15
Dodge: Dodged            |    30 |    15 ||    45
